 Dungeon Crawl Stone Soup version 0.30-a0-311-gf115ab0292 (webtiles) character file.

Game seed: 1235652953258419709

2930 Powertoast the Spear-Bearer (level 9, -6/89 HPs)
             Began as an Ogre Cinder Acolyte on Oct 25, 2022.
             Was an Initiate of Vehumet.
             Mangled by a yak (9 damage)
             ... on level 9 of the Dungeon.
             The game lasted 00:22:25 (6471 turns).

Powertoast the Spear-Bearer (Ogre Cinder Acolyte)   Turns: 6471, Time: 00:22:25

Health: -6/89      AC: 10    Str: 20    XL:     9   Next: 79%
Magic:  0/24       EV:  9    Int: 19    God:    Vehumet [......]
Gold:   511        SH:  0    Dex:  4    Spells: 4/16 levels left

rFire   . . .      SeeInvis .    J - +1 trident (flame)
rCold   . . .      Faith    .    (no shield)
rNeg    . . .      Spirit   +    e - +1 robe {Will+}
rPois   .          Reflect  .    (helmet restricted)
rElec   .          Harm     .    (no cloak)
rCorr   .          Rampage  .    (gloves unavailable)
Will    +....                    (boots unavailable)
Stlth   +.........               s - amulet of guardian spirit
HPRegen 0.34/turn                i - ring of magical power
MPRegen 0.19/turn                K - ring of wizardry

@: ice-armoured, fire susceptible
A: large, unfitting armour, tough skin 1
a: Renounce Religion


You were on level 9 of the Dungeon.
You worshipped Vehumet.
Vehumet was noncommittal.
You visited 1 branch of the dungeon, and saw 8 of its levels.

You collected 511 gold pieces.

Inventory:

Hand Weapons
 a - a -1 spear of flaming
 f - a +0 vorpal trident
 j - a +2 dagger of venom
 q - a +1 vampiric spear
 J - a +1 trident of flaming (weapon)
Missiles
 t - a throwing net
Armour
 b - a +0 robe
 e - a +1 robe of willpower (worn)
Jewellery
 c - a ring of protection from cold
 i - a ring of magical power (left hand)
 l - a ring of ice
 p - a +4 ring of slaying
 s - an amulet of guardian spirit (around neck)
 w - a ring of positive energy
 z - a ring of protection from cold
 K - a ring of wizardry (right hand)
Wands
 u - a wand of flame (25)
Scrolls
 d - a scroll of silence
 h - 3 scrolls of enchant armour {unknown}
 m - 6 scrolls of identify {unknown}
 n - 3 scrolls of poison {unknown}
 o - 3 scrolls of magic mapping
 v - a scroll of summoning {unknown}
 y - 4 scrolls of enchant weapon {unknown}
 A - a scroll of brand weapon {unknown}
 D - 2 scrolls of fog {unknown}
 G - a scroll of noise {unknown}
 I - a scroll of vulnerability {unknown}
Potions
 g - 2 potions of degeneration {unknown}
 k - a potion of haste {unknown}
 r - 3 potions of might {unknown}
 x - 2 potions of ambrosia {unknown}
 B - 2 potions of lignification {unknown}
 C - a potion of experience {unknown}
 F - a potion of brilliance {unknown}
 H - a potion of flight {unknown}


   Skills:
 - Level 6.0 Fighting
 - Level 11.0 Polearms
 - Level 4.0 Spellcasting
 + Level 2.4 Conjurations
 - Level 4.0 Fire Magic
 + Level 3.9 Ice Magic


You had 4 spell levels left.
You knew the following spells:

 Your Spells              Type           Power      Damage    Failure   Level
a - Scorch                Fire           38%        2d7       1%          2
b - Freeze                Ice            72%        1d8       1%          1
c - Frozen Ramparts       Ice            36%        1d6       3%          3
d - Ozocubu's Armour      Ice            18%        N/A       3%          3
e - Hailstorm             Conj/Ice       15%        3d5       4%          3

Your spell library contained the following spells:

 Spells                   Type           Power      Damage    Failure   Level
 Beastly Appendage        Tmut           6%         N/A       6%          1
 Wereblood                Tmut           3%         N/A       9%          2
 Spider Form              Tmut/Pois      3%         N/A       16%         3
 Ozocubu's Refrigeration  Ice            9%         4d9       100%        7


Dungeon Overview and Level Annotations

Branches:
Dungeon (7/15)             Temple (0/1) D:6

Altars:
Hepliaklqana
Ru
Vehumet
Yredelemnul

Shops:
D:1 [   D:2 (   D:5 :   D:7 *


Innate Abilities, Weirdness & Mutations

You are too large for most types of armour.
You have tough skin. (AC +1)


Message History

Your Conjurations skill increases to level 2!
Unknown command.
Okay, then.
As you read the scroll labelled URUCRA IWKOLLI, it crumbles to dust.
You feel aware of your surroundings.
You sensed 2 altars.
It was a scroll of magic mapping.
The yak barely misses you. The yak closely misses you. The yak gores you.
* * * LOW HITPOINT WARNING * * *
You feel better.
The yak gores you but does no damage. x2; The yak gores you.
* * * LOW HITPOINT WARNING * * *
You feel better. The yak gores you!
* * * LOW HITPOINT WARNING * * *
The yak gores you.
* * * LOW HITPOINT WARNING * * *
The yak gores you.
* * * LOW HITPOINT WARNING * * *
Unknown command.
Okay, then.
Your icy armour will break if you move.
Continue?
Okay, then.
Casting: Hailstorm (dangerous; 5% risk of failure)
Confirm with . or Enter, or press ? or * to list all spells.
You don't have enough magic to cast this spell.
Unknown command.
You hit the yak. You burn the yak.
You kill the yak!
Vehumet accepts your kill.
Unknown command.
You hit the yak. You burn the yak.
The yak is heavily wounded.
The yak gores you but does no damage. The yak barely misses you.
Your magical contamination has completely faded away.
You hit the yak. You burn the yak.
The yak is severely wounded.
The yak gores you but does no damage. The yak gores you.
* * * LOW HITPOINT WARNING * * *
You puncture the yak! You burn the yak.
The yak is almost dead.
The yak gores you!
You die...

+,,,,,* *,,,,,,***********
*,,,,,* #......#,,,,,*,,,,
*,,,,,* #......#,,,,,*,,,,
*,,,,,* #......#,,,,,*,,,,
*,,,,,* #......#,,,,,*,,,,
*,,,,,* #$.....#,,,,,**,,,
*,,,,,* #......#,,,,,**,,,
*,,,,,**########Y.....+,,,,,****+
,,*****,#......†@.....#,,,,,,,,,,
,,,,,,,,#.....!Y#######,,,,,,,,,,
,,,,,,,,#.......+,,,,,+,,,,,,,,,,
*,,,,,,,+.......#,,,,,*,,,,,,,,,,
*,,,,,,,#.....$.#,,,,,*,,,,,**,,,
*,******#.......#,,,,**,,,,,**,,,
*,*,,,,...#+#####,,,,*********,,,
,,*,,,....*,,,,,,,,,,,,,,,,,,,,,,
,,*,,,....*,,,,,,,,,,,,,,,,,<,,,,


You could see 2 yaks.

Vanquished Creatures
  A komodo dragon (D:7)
  A hornet (D:7)
  3 yaks (D:9)
  A steam dragon (D:7)
  2 ice beasts
  An ogre (D:6)
  A kobold brigand (D:7)
  4 phantoms
  4 bullfrogs
  6 scorpions
  A wight (D:7)
  2 howler monkeys
  A hound (D:5)
  A jelly (D:6)
  An orc priest (D:3)
  Jessica (D:3)
  5 orc wizards
  4 iguanas
  Robin (D:2)
  6 adders
  4 gnolls (D:3)
  A white imp (D:5)
  A dart slug (D:3)
  22 orcs
  6 endoplasms
  3 giant cockroaches
  13 goblins
  9 hobgoblins
  4 jackals (D:4)
  12 kobolds
  A quokka (D:4)
  6 ball pythons
  A frilled lizard (D:2)
  3 rats
  A spectral orc (D:7)
134 creatures vanquished.

Vanquished Creatures (others)
  79 foxfires (D:7)
79 creatures vanquished.

Grand Total: 213 creatures vanquished

Notes
Turn   | Place    | Note
-------+----------+-------------------------------------------
     0 | D:1      | Powertoast the Ogre Cinder Acolyte began the quest for the
                  | Orb.
     0 | D:1      | Reached XP level 1. HP: 24/24 MP: 2/2
    44 | D:1      | Found Nyaruoff's Antique Armour Emporium.
   395 | D:1      | Reached XP level 2. HP: 32/32 MP: 4/4
   398 | D:1      | Learned a level 2 spell: Scorch
  1281 | D:2      | Noticed Robin
  1293 | D:2      | Killed Robin
  1294 | D:2      | Reached XP level 3. HP: 19/41 MP: 6/6
  1298 | D:2      | Reached skill level 5 in Fighting
  1596 | D:2      | Found Maodgh's Antique Weapon Shoppe.
  1632 | D:2      | Found a faded altar of an unknown god.
  2156 | D:3      | Reached XP level 4. HP: 48/52 MP: 7/7
  2710 | D:2      | Reached XP level 5. HP: 50/59 MP: 9/9
  2825 | D:3      | Noticed Jessica
  2828 | D:3      | Killed Jessica
  3036 | D:3      | Found a hazy altar of Hepliaklqana.
  3086 | D:3      | Reached XP level 6. HP: 59/67 MP: 11/11
  3322 | D:3      | Found a radiant altar of Vehumet.
  3778 | D:4      | Reached skill level 4 in Polearms
  3877 | D:4      | Identified the +0 robe of Pecsif {Contam Str+6}
  4037 | D:4      | Reached XP level 7. HP: 75/75 MP: 13/13
  4286 | D:4      | Reached skill level 5 in Polearms
  4456 | D:4      | Found a sacrificial altar of Ru.
  4570 | D:5      | Entered Level 5 of the Dungeon
  4582 | D:5      | Reached skill level 6 in Polearms
  4601 | D:5      | Reached skill level 7 in Polearms
  4601 | D:5      | Reached XP level 8. HP: 40/83 MP: 14/14
  4781 | D:5      | Reached skill level 8 in Polearms
  4986 | D:5      | Found Pedweq's Book Boutique.
  5421 | D:6      | Reached skill level 9 in Polearms
  5435 | D:6      | Found a staircase to the Ecumenical Temple.
  5697 | D:7      | Noticed a komodo dragon
  5702 | D:7      | Noticed a hornet
  5707 | D:7      | Killed a komodo dragon
  5708 | D:7      | Reached skill level 10 in Polearms
  5708 | D:7      | Reached XP level 9. HP: 63/89 MP: 13/15
  5712 | D:7      | Killed a hornet
  5839 | D:7      | Found a basalt altar of Yredelemnul.
  5865 | D:7      | Found Noump's Assorted Antiques.
  5995 | D:7      | Learned a level 1 spell: Freeze
  6055 | D:7      | Reached skill level 11 in Polearms
  6055 | D:7      | Reached skill level 1 in Ice Magic
  6156 | D:3      | Fell from the grace of Ignis
  6156 | D:3      | Became a worshipper of Vehumet
  6292 | D:5      | Learned a level 3 spell: Frozen Ramparts
  6296 | D:5      | Learned a level 3 spell: Ozocubu's Armour
  6300 | D:5      | Learned a level 3 spell: Hailstorm
  6420 | D:7      | You fall into a shaft and drop 2 floors!
  6454 | D:9      | Reached skill level 1 in Conjurations
  6470 | D:9      | HP: 3/89 [yak (5)]
  6471 | D:9      | Mangled by a yak

Illustrated notes

Levels and vault maps discovered:
D:1:      wander_arrival_chamber, layout_loops_corners, serial_shops,
          shop_fountains, minmay_misc_feat_pillars
D:2:      wander_river, layout_loops_ring, serial_shops,
          nicolae_shop_window_shopping, shapermc_ecumenical_altar_starsandcircs,
          grunt_ministairs_7, uniq_robin
D:3:      layout_loops_ring, mainiacjoe_overflow_brackets,
          nicolae_vehumet_radiance, chequers_jeans, uniq_jessica
D:4:      layout_cave_pods, nicolae_ru_the_path_less_chosen,
          nicolae_kite_square_tiling_tiny
D:5:      layout_rooms, serial_shops, nicolae_shop_hallway_plus
D:6:      layout_gridville, minmay_temple_entry_large_hall, nrook_pool_corridor
D:7:      cheibrodos_quashed, layout_rooms, yredelemnul_forgotten_temple_becter,
          serial_shops, shop, grunt_livestock
D:9:      layout_gridville, jmf_multi_god_temple, wad_floor_pattern_untrapped

Skill      XL: |  1  2  3  4  5  6  7  8  9 |
---------------+----------------------------+-----
Fire Magic     | 3 4 |  4.0
Spellcasting   | 2 3 4 |  4.0
Fighting       | 5 6 |  6.0
Polearms       | 4 7 10 11 | 11.0
Ice Magic      | 3 |  3.9
Conjurations   | 2 |  2.4

Action                   |  1- 3 |  4- 6 |  7- 9 || total
-------------------------+-------+-------+-------++-------
Melee: Spear             |    26 |       |       ||    26
       Dagger            |    32 |    33 |       ||    65
       Trident           |       |    83 |   129 ||   212
 Cast: Scorch            |    25 |    27 |    19 ||    71
       Ozocubu's Armour  |       |       |     2 ||     2
       Hailstorm         |       |       |     2 ||     2
       Frozen Ramparts   |       |       |     2 ||     2
Invok: Fiery Armour      |       |       |     5 ||     5
       Foxfire Swarm     |       |       |     5 ||     5
  Use: Potion            |       |     4 |     3 ||     7
       Scroll            |       |     1 |     1 ||     2
Armor: Robe              |    16 |    27 |    57 ||   100
Dodge: Dodged            |    24 |    58 |    65 ||   147

Table legend: (Time is in decaauts)
 A = Elapsed time spent in this place.
 B = Non-inter-level travel time spent in this place.
 C = Inter-level travel time spent in this place.
 D = Time resting spent in this place.
 E = Time spent auto-exploring this place.
 F = Levels seen in this place.
 G = Mean time per level.
                   A        B        C        D        E       F      G
               +--------+--------+--------+--------+--------+-----+--------+
         Total |   6504 |   6224 |    280 |    782 |   4499 |   8 |  813.0 |
       Dungeon |   6504 |   6224 |    280 |    782 |   4499 |   8 |  813.0 |
               +--------+--------+--------+--------+--------+-----+--------+

Top non-repeatable levels by time:
     D:3: 1466 daAuts
     D:1: 1308 daAuts
     D:4: 1076 daAuts
     D:2: 1027 daAuts
     D:5: 578 daAuts
     D:6: 527 daAuts
     D:7: 472 daAuts
     D:9: 47 daAuts
